 Dungeon Crawl Stone Soup version 0.21-a0-274-gc1afaeb (webtiles) character file.

6351 Chiseanne the Skirmisher (level 10, 0/102 HPs)
             Began as a Troll Monk on Sept 19, 2017.
             Was an Elder of Wu Jian.
             Slain by a killer bee (3 damage)
             ... on level 9 of the Dungeon.
             The game lasted 00:21:24 (7267 turns).

Chiseanne the Skirmisher (Troll Monk)               Turns: 7267, Time: 00:21:24

Health: 0/102      AC:  7    Str: 21    XL:     10   Next: 65%
Magic:  0/12       EV: 13    Int: 11    God:    Wu Jian [****..]
Gold:   494        SH:  0    Dex: 15    Spells: 9/9 levels left

rFire    . . .     SeeInvis +     - Unarmed
rCold    . . .     Gourm    +   (no shield)
rNeg     . . .     Faith    .   t - +0 troll leather armour {Purgy}
rPois    .         Spirit   +   (helmet restricted)
rElec    .         Reflect  .   A - scarf {Spirit}
rCorr    .         Harm     .   (gloves unavailable)
MR       .....                  (boots unavailable)
Stlth    +.........             (no amulet)
HPRegen  1.07/turn              M - ring of stealth
MPRegen  0.13/turn              S - ring of see invisible

@: brilliant, lethally poisoned (0 -> -1), glowing, heavily drained, heavenly
storm
A: unfitting armour, claws 3, fast metabolism 3, gourmand, regeneration 1,
shaggy fur 1, tough skin 2
a: Serpent's Lash, Renounce Religion


You were on level 9 of the Dungeon.
You worshipped Wu Jian.
Wu Jian was greatly pleased with you.
You were completely stuffed.

You visited 2 branches of the dungeon, and saw 11 of its levels.

You collected 494 gold pieces.

Inventory:

Hand Weapons
 a - a +4 mace of protection
 o - a +2 giant spiked club
 P - a +2 battleaxe of venom
 Q - a +0 antimagic battleaxe
Missiles
 d - 300 stones (quivered)
 e - 244 arrows
 h - 15 poisoned needles
 k - 73 bolts
 y - 13 tomahawks
 B - 41 sling bullets
Armour
 p - a +0 shield
 t - a +0 troll leather armour (worn) {Purgy}
 v - a +0 robe of positive energy
 A - a scarf of spirit shield (worn)
 J - a +2 robe of positive energy
Magical Staves
 L - an uncursed staff of fire {unknown}
Jewellery
 M - a ring of stealth (left claw)
 S - a ring of see invisible (right claw)
Wands
 l - a wand of paralysis (4/24)
 s - a wand of digging (12/24)
 E - a wand of disintegration (1/24)
 F - a wand of lightning (5/15)
 K - a wand of lightning (9/15)
Scrolls
 c - a scroll of amnesia
 g - 3 scrolls of immolation
 u - 3 scrolls of remove curse
 w - a scroll of recharging
 H - a scroll of magic mapping
 R - a scroll of blinking
Potions
 i - 2 potions of might
 j - 2 potions of curing
 n - 4 potions of mutation
 q - 3 potions of flight
 r - a potion of invisibility
 x - a potion of magic
 I - 2 potions of brilliance
 N - 3 potions of haste {unknown}
Books
 C - a book of Minor Magic

   Spells                             Type                      Level
   a - Magic Dart                     Conjuration                  1
   b - Blink                          Translocation                2
   c - Call Imp                       Summoning                    2
   d - Slow                           Hexes                        2
   e - Conjure Flame                  Conjuration/Fire             3
   f - Mephitic Cloud                 Conjuration/Poison/Air       3
 G - a book of Changes

   Spells                             Type                      Level
   a - Beastly Appendage              Transmutation                1
   b - Sticks to Snakes               Transmutation                2
   c - Spider Form                    Transmutation/Poison         3
   d - Ice Form                       Ice/Transmutation            4
   e - Blade Hands                    Transmutation                5
 O - a book of Frost

   Spells                             Type                      Level
   a - Freeze                         Ice                          1
   b - Throw Frost                    Conjuration/Ice              2
   c - Ozocubu's Armour               Charms/Ice                   3
   d - Throw Icicle                   Conjuration/Ice              4
   e - Summon Ice Beast               Ice/Summoning                4
Comestibles
 b - 15 bread rations
 f - a royal jelly
 m - 9 chunks of flesh
 z - a meat ration
 D - 15 fruits


   Skills:
 * Level 7.4(6.1) Fighting
 - Level 6.0(4.7) Armour
 * Level 7.4(6.0) Dodging
 - Level 1.0(0.0) Stealth
 * Level 6.4(5.1) Unarmed Combat
 * Level 4.6(3.3) Evocations


You had 9 spell levels left.
You didn't know any spells.

Dungeon Overview and Level Annotations

Branches:
Dungeon (10/15)            Temple (1/1) D:4            Lair (0/6) D:10
    Orc: D:9-12

Altars:
Ashenzari
Cheibriados
Dithmenos
Elyvilon
Gozag
Kikubaaqudgha
Makhleb
Nemelex Xobeh
Okawaru
Qazlal
Ru
Sif Muna
Trog
Uskayaw
Vehumet
Wu Jian
Xom
Yredelemnul
Zin
The Shining One

Annotations:
D:5 2 transporters


Innate Abilities, Weirdness & Mutations

You are too large for most types of armour.
You have claws for hands.
Your metabolism is lightning-fast.
You like to eat raw meat.
Your natural rate of healing is unusually fast.
You are covered in fur. (AC +1)
You have very tough skin. (AC +2)


Message History

* * * LOW HITPOINT WARNING * * *
The killer bee stings you!
* * * LOW HITPOINT WARNING * * *
The orc barely misses you. The killer bee barely misses you.
The killer bee closely misses you. The bullfrog hits you.
* * * LOW HITPOINT WARNING * * *
The killer bee barely misses you. The killer bee misses you.
The killer bee closely misses you. The killer bee barely misses you.
It was a potion of brilliance.
You feel clever all of a sudden.
You feel sick. The killer bee stings you.
* * * LOW HITPOINT WARNING * * *
The killer bee closely misses you. The killer bee barely misses you. x2
The killer bee closely misses you. The killer bee barely misses you.
The bullfrog barely misses you. The killer bee closely misses you.
The killer bee stings you.
* * * LOW HITPOINT WARNING * * *
The orc hits you but does no damage. The killer bee closely misses you.
The killer bee barely misses you. The killer bee stings you.
You die...

# ##......## ..
#.........
...####.........
.....#..........
#...........#
#...†.....# ....
#§§§§..# ... #Fyo§.##
#.. #y@y§## ..
##yyy§## #.##
#§§§§§.#. #..#
##......... #..####
##...........
##....###.......#..##
##..#........######.#
##..#####...### ..
##..## ##.##


You could see a bullfrog, 6 killer bees and an orc.

Vanquished Creatures
  A troll (D:9)
  Grinder (D:3)
  Prince Ribbit (D:6)
  2 hippogriffs
  A spriggan (D:7)
  Eustachio (D:5)
  A wyvern (D:9)
  Edmund (D:6)
  2 orc warriors (D:7)
  Purgy (D:3)
  A sky beast (D:7)
  3 ice beasts
  3 black bears
  A phantom (D:6)
  5 ogres
  2 crocodiles
  4 centaurs
  7 bullfrogs
  2 scorpions
  12 killer bees
  8 wights
  A howler monkey (D:4)
  2 lava snakes (D:8)
  2 crimson imps
  3 bullfrog zombies
  A gnoll shaman (D:7)
  6 orc priests
  2 centaur skeletons
  3 hounds
  4 bullfrog skeletons
  An iguana (D:8)
  8 orc wizards
  4 worker ants
  2 hound skeletons
  A worker ant zombie (D:9)
  Robin (D:3)
  10 adders
  16 gnolls
  A shadow imp (D:6)
  2 oozes (D:1)
  2 adder zombies
  An adder skeleton (D:7)
  A worm (D:3)
  3 dart slugs
  8 leopard geckos
  40 orcs
  5 giant cockroaches
  15 goblins
  6 hobgoblins
  4 jackals (D:1)
  3 quokkas
  2 ball pythons
  8 bats
  A frilled lizard (D:1)
  A giant cockroach zombie (D:6)
  3 kobolds
  A rat (D:1)
  A spectral orc (D:9)
235 creatures vanquished.

Notes
Turn   | Place    | Note
-------+----------+-------------------------------------------
     0 | D:1      | Chiseanne the Troll Monk began the quest for the Orb.
     0 | D:1      | Reached XP level 1. HP: 22/22 MP: 0/0
   171 | D:1      | Reached XP level 2. HP: 29/29 MP: 1/1
   541 | D:1      | Reached XP level 3. HP: 33/36 MP: 2/2
  1089 | D:2      | Found a shattered altar of Ashenzari.
  1392 | D:2      | Found a faded altar of an unknown god.
  1437 | D:2      | Found a hide-covered altar of Uskayaw.
  1727 | D:3      | Reached XP level 4. HP: 42/45 MP: 3/3
  1748 | D:3      | Found a bloodstained altar of Trog.
  1838 | D:3      | Noticed Robin
  1851 | D:3      | Killed Robin
  1965 | D:3      | Noticed Purgy
  2009 | D:3      | Killed Purgy
  2009 | D:3      | Reached XP level 5. HP: 51/54 MP: 4/4
  2154 | D:3      | Noticed Grinder
  2157 | D:3      | Paralysed by Grinder for 4 turns
  2179 | D:3      | Killed Grinder
  2179 | D:3      | Reached skill level 1 in Armour
  2179 | D:3      | Reached XP level 6. HP: 51/62 MP: 5/5
  2225 | D:3      | Found a deep blue altar of Sif Muna.
  2442 | D:4      | Found a staircase to the Ecumenical Temple.
  2445 | D:4      | Reached skill level 5 in Unarmed Combat
  2500 | Temple   | Entered the Ecumenical Temple
  2542 | Temple   | Became a worshipper of the Wu Jian Council
  2542 | Temple   | Reached * piety under Wu Jian
  2542 | Temple   | Reached ** piety under Wu Jian
  2564 | D:4      | Reached XP level 7. HP: 70/70 MP: 6/6
  2898 | D:4      | Found an ancient bone altar of Kikubaaqudgha.
  3517 | D:5      | Entered Level 5 of the Dungeon
  3551 | D:5      | Reached XP level 8. HP: 79/79 MP: 7/7
  3682 | D:5      | Noticed Eustachio
  3696 | D:5      | Killed Eustachio
  3696 | D:5      | Reached skill level 5 in Fighting
  3696 | D:5      | Reached skill level 5 in Dodging
  3746 | D:5      | Found a transporter.
  3801 | D:5      | Reached *** piety under Wu Jian
  3832 | D:5      | Found a transporter.
  3835 | D:5      | Found an iron altar of Okawaru.
  4377 | D:6      | Reached skill level 1 in Evocations
  4391 | D:6      | Found a shimmering altar of Xom.
  4422 | D:6      | Noticed Prince Ribbit
  4437 | D:6      | Killed Prince Ribbit
  4594 | D:6      | Reached XP level 9. HP: 89/89 MP: 9/9
  4624 | D:6      | Noticed Edmund
  4645 | D:6      | Killed Edmund
  4869 | D:6      | Found a snail-covered altar of Cheibriados.
  4869 | D:6      | Found a burning altar of Makhleb.
  4886 | D:6      | Found an opulent altar of Gozag.
  5169 | D:7      | Reached **** piety under Wu Jian
  5348 | D:7      | Reached skill level 5 in Armour
  5671 | D:7      | Found a glowing silver altar of Zin.
  5671 | D:7      | Found a white marble altar of Elyvilon.
  5671 | D:7      | Found a glowing golden altar of the Shining One.
  5706 | D:7      | Reached XP level 10. HP: 96/100 MP: 8/11
  6251 | D:8      | Reached ***** piety under Wu Jian
  6475 | D:9      | HP: 5/102 [wight/enchanted flail (6)]
  6493 | D:10     | Entered Level 10 of the Dungeon
  6601 | D:10     | Found a staircase to the Lair.
  7174 | D:9      | Found a basalt altar of Yredelemnul.
  7267 | D:9      | HP: 4/102 [killer bee (3)]
  7267 | D:9      | Slain by a killer bee

Vault maps used:
D:1:      dpeg_arrival_tiny_g, minmay_misc_feat_pillars
D:2:      ashenzari_conservatory_becter, marbit_many_paths,
          chequers_ecumenical_altar_island, kennysheep_another_room
D:3:      overflow_temple_1_default, overflow_temple_1_default,
          hangedman_decor_lopped, uniq_purgy, uniq_robin, uniq_grinder
D:4:      kennysheep_little_box, temple_doors_cd
D:5:      gammafunk_wand_slinger, okawaru_ov_weapons_minmay, first_bread,
          uniq_eustachio
D:6:      hangedman_cross_stitches, kennysheep_mini,
          gammafunk_temple_overflow_elements, basic_altar, serial_bayou_pond_b,
          uniq_prince_ribbit1, uniq_edmund
D:7:      good_gods_mini_temple, the_bakery
D:8:      disabler_island
D:9:      yredelemnul_forgotten_temple_becter
D:10:     dpeg_oklobed_lair
Temple:   dpeg_three_leaves_temple

Skill      XL: |  1  2  3  4  5  6  7  8  9 10 |
---------------+-------------------------------+-----
Fighting       | 3 4 5 6 7 |  7.4
Dodging        | 3 4 5 6 7 |  7.4
Unarmed Combat | 4 5 6 |  6.4
Armour         | 1 2 4 5 6 |  6.0
Evocations     | 1 3 4 |  4.6
Stealth        | |  1.0

Action                   |  1- 3 |  4- 6 |  7- 9 | 10-12 || total
-------------------------+-------+-------+-------+-------++-------
Melee: Unarmed           |    95 |    78 |   396 |   199 ||   768
       Punch             |       |     1 |     9 |     2 ||    12
       Battleaxe         |       |       |       |    39 ||    39
Invok: Heavenly Storm    |       |       |       |     1 ||     1
Evoke: Wand              |       |       |     3 |     5 ||     8
  Use: Scroll            |       |     3 |    12 |     6 ||    21
       Potion            |       |     1 |       |     5 ||     6
 Stab: Sleeping          |     3 |       |     5 |     3 ||    11
  Eat: Chunk             |    19 |     9 |    30 |    15 ||    73
Armor: Robe              |    55 |     7 |       |       ||    62
       Troll leather arm |       |    12 |   104 |    80 ||   196
       Skin              |       |       |       |   131 ||   131
Dodge: Dodged            |    70 |    52 |   211 |   245 ||   578

Table legend:
 A = Spawn XP
 B = Non-spawn XP
 C = Spawn XP percentage of total XP
 D = Spawn monster count
 E = Non-spawn monster count
 F = Spawn count percentage of total count
 G = Total turns spent on level
                    A         B        C        D         E        F      G
               +---------+---------+-------+---------+---------+-------+---------
         Total |       0 |    9073 |   0.0 |       0 |     235 |   0.0 |  7267
               +---------+---------+-------+---------+---------+-------+---------
           D:1 |       0 |      59 |   0.0 |       0 |      25 |   0.0 |   985
           D:2 |       0 |      35 |   0.0 |       0 |      12 |   0.0 |   713
           D:3 |       0 |     555 |   0.0 |       0 |      24 |   0.0 |   702
           D:4 |       0 |     621 |   0.0 |       0 |      22 |   0.0 |  1062
           D:5 |       0 |    1018 |   0.0 |       0 |      28 |   0.0 |   857
           D:6 |       0 |    1418 |   0.0 |       0 |      25 |   0.0 |   778
           D:7 |       0 |    1917 |   0.0 |       0 |      37 |   0.0 |   760
           D:8 |       0 |    1169 |   0.0 |       0 |      21 |   0.0 |   548
           D:9 |       0 |    1381 |   0.0 |       0 |      26 |   0.0 |   570
          D:10 |       0 |     900 |   0.0 |       0 |      15 |   0.0 |   237
               +---------+---------+-------+---------+---------+-------+---------
